TOP OF THE 1ST |
Detroit X-Wings batting - Pitching for Blueville 83's : RHP Cody White
|
Pitching: RHP Cody White
|
|
Batting: RHB Gary Witt
|
0-0: Ball 1-0: Ground out 5-3 (Groundball, 56S)
|
Batting: SHB Felipe Detorres
|
Error on foul ball, E3 0-1: Ball 1-1: Ball 2-1: Ball 3-1: Foul Ball, location: 2F 3-2: SINGLE (Line Drive, 7M)
|
Batting: RHB Reginaldo Jaconelli
|
0-0: Swinging Strike 0-1: Ball 1-1: Ball 2-1: Grounds into double play, 1-4-3 (Groundball, 23)
|
Top of the 1st over - 0 run(s), 1 hit(s), 1 error(s), 0 left on base; Detroit 0 - Blueville 0 |
BOTTOM OF THE 1ST |
Blueville 83's batting - Pitching for Detroit X-Wings : LHP José Ramírez
|
Pitching: LHP José Ramírez
|
|
Batting: LHB Roberto Sandoval
|
0-0: Foul Ball, location: 2F 0-1: Swinging Strike 0-2: Strikes out swinging
|
Batting: RHB Bryce Hester
|
0-0: Called Strike 0-1: Ball 1-1: Fly out, F4 (Popup, 4)
|
Batting: RHB Gustavo Díaz
|
0-0: Ground out 4-3 (Groundball, 34)
|
Bottom of the 1st over - 0 run(s), 0 hit(s), 0 error(s), 0 left on base; Detroit 0 - Blueville 0 |
TOP OF THE 2ND |
Detroit X-Wings batting - Pitching for Blueville 83's : RHP Cody White
|
Batting: LHB Gonzalo Trujillo
|
0-0: Ball 1-0: Swinging Strike 1-1: Ball 2-1: Foul Ball, location: 2F 2-2: Strikes out swinging
|
Batting: RHB Yoshitsune Kamida
|
0-0: Called Strike 0-1: Ball 1-1: Ball 2-1: Fly out, F8 (Flyball, 8RM)
|
Batting: RHB Enrique Ramírez
|
0-0: Ball 1-0: Ball 2-0: Ground out U3 (Groundball, 3)
|
Top of the 2nd over - 0 run(s), 0 hit(s), 0 error(s), 0 left on base; Detroit 0 - Blueville 0 |
BOTTOM OF THE 2ND |
Blueville 83's batting - Pitching for Detroit X-Wings : LHP José Ramírez
|
Batting: RHB Dallas Blair
|
0-0: Ground out 6-3 (Groundball, 6D)
|
Batting: LHB Dave Pitts
|
0-0: SINGLE (Groundball, 3L)
|
Batting: RHB José Baca
|
0-0: Called Strike 0-1: Foul Ball, location: 2F 0-2: Ball 1-2: Strikes out looking
|
Batting: RHB Gernot Renner
|
0-0: Swinging Strike 0-1: Ground out 4-3 (Groundball, 4)
|
Bottom of the 2nd over - 0 run(s), 1 hit(s), 0 error(s), 1 left on base; Detroit 0 - Blueville 0 |
TOP OF THE 3RD |
Detroit X-Wings batting - Pitching for Blueville 83's : RHP Cody White
|
Batting: LHB Jeremy Cox
|
0-0: Called Strike 0-1: SINGLE (Flyball, 7LS)
|
Batting: SHB Chris Byrd
|
0-0: Called Strike 0-1: Foul Ball, location: 2F 0-2: Ball 1-2: Strikes out looking
|
Batting: SHB Jaime Montés
|
0-0: Called Strike 0-1: Ball 1-1: Ball 2-1: Foul Ball, location: 2F 2-2: Ball 3-2: Grounds into double play, 6-4-3 (Groundball, 6M)
|
Top of the 3rd over - 0 run(s), 1 hit(s), 0 error(s), 0 left on base; Detroit 0 - Blueville 0 |
BOTTOM OF THE 3RD |
Blueville 83's batting - Pitching for Detroit X-Wings : LHP José Ramírez
|
Batting: RHB Jorge Sáenz
|
0-0: Ball 1-0: Ball 2-0: Ball 3-0: Called Strike 3-1: Foul Ball, location: 2F 3-2: Foul Ball, location: 2F 3-2: Foul Ball, location: 2F 3-2: Foul Ball, location: 2F 3-2: Foul Ball, location: 2F 3-2: Foul Ball, location: 2F 3-2: Strikes out swinging
|
Batting: RHB Fernando Díaz
|
0-0: Ball 1-0: Called Strike 1-1: Called Strike 1-2: Ground out 4-3 (Groundball, 34)
|
Batting: LHB Roberto Sandoval
|
0-0: Foul Ball, location: 2F 0-1: Fly out, F7 (Flyball, 7M)
|
Bottom of the 3rd over - 0 run(s), 0 hit(s), 0 error(s), 0 left on base; Detroit 0 - Blueville 0 |
TOP OF THE 4TH |
Detroit X-Wings batting - Pitching for Blueville 83's : RHP Cody White
|
Batting: RHB Gary Witt
|
0-0: Foul Ball, location: 2F 0-1: Swinging Strike 0-2: Ball 1-2: Foul Ball, location: 2F 1-2: Ball 2-2: Ball 3-2: Base on Balls
|
Batting: SHB Felipe Detorres
|
0-0: Called Strike 0-1: Foul Ball, location: 2F 0-2: Ball 1-2: Ball 2-2: Ball 3-2: Strikes out looking Gary Witt steals 2nd base Batter strikes out.
|
Batting: RHB Reginaldo Jaconelli
|
0-0: Foul Ball, location: 2F 0-1: Foul Ball, location: 2F 0-2: Ball 1-2: Strikes out swinging
|
Batting: LHB Gonzalo Trujillo
|
0-0: Ball 1-0: Called Strike 1-1: Fly out, F9 (Flyball, 9S)
|
Top of the 4th over - 0 run(s), 0 hit(s), 0 error(s), 1 left on base; Detroit 0 - Blueville 0 |
BOTTOM OF THE 4TH |
Blueville 83's batting - Pitching for Detroit X-Wings : LHP José Ramírez
|
Batting: RHB Bryce Hester
|
0-0: Called Strike 0-1: Ground out 5-3 (Groundball, 5S)
|
Batting: RHB Gustavo Díaz
|
0-0: Ball 1-0: Foul Ball, location: 2F 1-1: Ball 2-1: Foul Ball, location: 2F 2-2: Ball 3-2: Base on Balls
|
Batting: RHB Dallas Blair
|
0-0: DOUBLE (Line Drive, 7LM) Gustavo Díaz to third
|
Batting: LHB Dave Pitts
|
0-0: Fly out, F8 (Flyball, 8LM)
|
Batting: RHB José Baca
|
0-0: Called Strike 0-1: Foul Ball, location: 2F 0-2: Ball 1-2: SINGLE (Line Drive, 6D) Gustavo Díaz scores Dallas Blair to third Runner from 3rd tries for Home, SAFE, no throw or cutoff
|
Batting: RHB Gernot Renner
|
0-0: Ball Wild Pitch! José Baca to second 1-0: SINGLE (Groundball, 5D) José Baca to third Runner from 3rd tries for Home, SAFE, throw made home
|
Batting: RHB Jorge Sáenz
|
0-0: Ball 1-0: Called Strike 1-1: Called Strike 1-2: Ball Single, Error in OF, E7, batter to second base Gernot Renner to third
|
Batting: RHB Fernando Díaz
|
0-0: Called Strike 0-1: Called Strike 0-2: Strikes out swinging
|
Bottom of the 4th over - 3 run(s), 4 hit(s), 1 error(s), 2 left on base; Detroit 0 - Blueville 3 |
TOP OF THE 5TH |
Detroit X-Wings batting - Pitching for Blueville 83's : RHP Cody White
|
Batting: RHB Yoshitsune Kamida
|
0-0: Swinging Strike 0-1: SINGLE (Line Drive, 9S)
|
Batting: RHB Enrique Ramírez
|
0-0: Foul Ball, location: 2F 0-1: Ball 1-1: Ball 2-1: SINGLE (Groundball, 6D) Yoshitsune Kamida to second
|
Batting: LHB Jeremy Cox
|
0-0: Called Strike 0-1: Swinging Strike 0-2: Strikes out swinging
|
Batting: SHB Chris Byrd
|
0-0: Foul Ball, location: 2F 0-1: Swinging Strike 0-2: Foul Ball, location: 2F 0-2: Fly out, F7 (Popup, 78S)
|
Batting: SHB Jaime Montés
|
0-0: Ball 1-0: Called Strike 1-1: Ball 2-1: Fly out, F7 (Flyball, 7LM)
|
Top of the 5th over - 0 run(s), 2 hit(s), 0 error(s), 2 left on base; Detroit 0 - Blueville 3 |
BOTTOM OF THE 5TH |
Blueville 83's batting - Pitching for Detroit X-Wings : LHP José Ramírez
|
Batting: LHB Roberto Sandoval
|
0-0: Ground out 4-3 (Groundball, 4)
|
Batting: RHB Bryce Hester
|
0-0: Foul Ball, location: 2F 0-1: Ground out 6-3 (Groundball, 6M)
|
Batting: RHB Gustavo Díaz
|
0-0: SINGLE (Line Drive, 6D)
|
Batting: RHB Dallas Blair
|
0-0: Ball 1-0: Ground out 5-3 (Groundball, 5)
|
Bottom of the 5th over - 0 run(s), 1 hit(s), 0 error(s), 1 left on base; Detroit 0 - Blueville 3 |
TOP OF THE 6TH |
Detroit X-Wings batting - Pitching for Blueville 83's : RHP Cody White
|
Batting: RHB Gary Witt
|
0-0: Called Strike 0-1: DOUBLE (Line Drive, 7LD)
|
Batting: SHB Felipe Detorres
|
0-0: SINGLE (Flyball, 9LM) Gary Witt to third
|
Batting: RHB Reginaldo Jaconelli
|
Pickoff Throw to First - Out! 0-0: Ball 1-0: Ground out 6-3 (Groundball, 56D) Gary Witt scores
|
Batting: LHB Gonzalo Trujillo
|
0-0: Ball 1-0: Called Strike 1-1: Called Strike 1-2: Ball 2-2: Strikes out swinging
|
Top of the 6th over - 1 run(s), 2 hit(s), 0 error(s), 0 left on base; Detroit 1 - Blueville 3 |
BOTTOM OF THE 6TH |
Blueville 83's batting - Pitching for Detroit X-Wings : LHP José Ramírez
|
Batting: LHB Dave Pitts
|
0-0: Ball 1-0: Ball 2-0: Foul Ball, location: 2F 2-1: Foul Ball, location: 2F 2-2: Ground out 4-3 (Groundball, 34)
|
Batting: RHB José Baca
|
0-0: Ball 1-0: Ground out 5-3 (Groundball, 5S)
|
Batting: RHB Gernot Renner
|
0-0: Foul Ball, location: 2F 0-1: Swinging Strike 0-2: Fly out, F7 (Flyball, 7LM)
|
Bottom of the 6th over - 0 run(s), 0 hit(s), 0 error(s), 0 left on base; Detroit 1 - Blueville 3 |
TOP OF THE 7TH |
Detroit X-Wings batting - Pitching for Blueville 83's : RHP Cody White
|
Batting: RHB Yoshitsune Kamida
|
0-0: Called Strike 0-1: Foul Ball, location: 2F 0-2: Ball 1-2: Ball 2-2: Foul Ball, location: 2F 2-2: Foul Ball, location: 2F 2-2: Ball 3-2: DOUBLE (Line Drive, 8RXD)
|
Pitching: RHP Ernesto Germán
|
|
Batting: RHB Enrique Ramírez
|
0-0: Ball 1-0: Called Strike 1-1: Foul Ball, location: 2F 1-2: Strikes out looking
|
Batting: LHB Jeremy Cox
|
0-0: Ball 1-0: Ball Yoshitsune Kamida is caught stealing 3rd base 2-0: Called Strike 2-1: Swinging Strike 2-2: Ball 3-2: Fly out, F7 (Flyball, 7D)
|
Top of the 7th over - 0 run(s), 1 hit(s), 0 error(s), 0 left on base; Detroit 1 - Blueville 3 |
BOTTOM OF THE 7TH |
Blueville 83's batting - Pitching for Detroit X-Wings : LHP José Ramírez
|
Batting: RHB Jorge Sáenz
|
0-0: Called Strike 0-1: Foul Ball, location: 2F 0-2: Ball 1-2: Foul Ball, location: 2F 1-2: Ball 2-2: Foul Ball, location: 2F 2-2: Ground out 5-3 (Groundball, 5)
|
Batting: RHB Fernando Díaz
|
0-0: Ball 1-0: Swinging Strike 1-1: SINGLE (Groundball, 6MD)
|
Pitching: RHP León Gómez
|
|
Batting: LHB Roberto Sandoval
|
0-0: Ball 1-0: Foul Ball, location: 2F 1-1: Called Strike 1-2: Ball 2-2: Ground out 3-1 (Groundball, 34S) Fernando Díaz to second
|
Batting: RHB Bryce Hester
|
0-0: Ball 1-0: Foul Ball, location: 2F 1-1: Ball 2-1: Ball 3-1: Base on Balls
|
Pinch Hitting: LHB Robbie McLaughlin
|
0-0: Fly out, F7 (Flyball, 78S)
|
Bottom of the 7th over - 0 run(s), 1 hit(s), 0 error(s), 2 left on base; Detroit 1 - Blueville 3 |
TOP OF THE 8TH |
Detroit X-Wings batting - Pitching for Blueville 83's : RHP Ernesto Germán
|
Now at 1B: Robbie McLaughlin
|
|
Batting: SHB Chris Byrd
|
0-0: Ball 1-0: Ball 2-0: Foul Ball, location: 2F 2-1: Swinging Strike 2-2: Ground out 6-3 (Groundball, 6)
|
Batting: SHB Jaime Montés
|
0-0: Called Strike 0-1: Called Strike 0-2: Strikes out looking
|
Batting: RHB Gary Witt
|
0-0: Called Strike 0-1: Called Strike 0-2: Foul Ball, location: 2F 0-2: Ball 1-2: Strikes out swinging
|
Top of the 8th over - 0 run(s), 0 hit(s), 0 error(s), 0 left on base; Detroit 1 - Blueville 3 |
BOTTOM OF THE 8TH |
Blueville 83's batting - Pitching for Detroit X-Wings : RHP León Gómez
|
Batting: RHB Dallas Blair
|
0-0: Called Strike 0-1: Ball 1-1: Called Strike 1-2: Strikes out swinging
|
Batting: LHB Dave Pitts
|
0-0: Ball 1-0: Called Strike 1-1: Ball 2-1: Foul Ball, location: 2F 2-2: Ball 3-2: SINGLE (Groundball, 34D)
|
Batting: RHB José Baca
|
0-0: Ball 1-0: Swinging Strike 1-1: Fielders Choice at 2nd, 3-6 (Groundball, 34)
|
Batting: RHB Gernot Renner
|
0-0: Ball 1-0: Called Strike 1-1: Ball 2-1: Ball 3-1: Base on Balls José Baca to second
|
Pinch Hitting: LHB Bill Hall
|
0-0: Ball 1-0: Foul Ball, location: 2F 1-1: Ground out 4-3 (Groundball, 4)
|
Bottom of the 8th over - 0 run(s), 1 hit(s), 0 error(s), 2 left on base; Detroit 1 - Blueville 3 |
TOP OF THE 9TH |
Detroit X-Wings batting - Pitching for Blueville 83's : RHP Ernesto Germán
|
Pitching: LHP Pierre Dumont
|
|
Now in RF: José Estrada
|
|
Batting: SHB Felipe Detorres
|
0-0: Called Strike 0-1: Swinging Strike 0-2: Foul Ball, location: 2F 0-2: SINGLE (Groundball, 4M)
|
Batting: RHB Reginaldo Jaconelli
|
0-0: Ball 1-0: Ball 2-0: Ball 3-0: Called Strike 3-1: 2-RUN HOME RUN (Flyball, 9LD), Distance : 357 ft
|
Batting: LHB Gonzalo Trujillo
|
0-0: Ball 1-0: Called Strike 1-1: Ball 2-1: Called Strike 2-2: Strikes out looking
|
Pinch Hitting: RHB Diego Ocampo
|
0-0: Called Strike 0-1: Ball 1-1: Called Strike 1-2: Ball 2-2: Strikes out looking
|
Batting: RHB Enrique Ramírez
|
0-0: Ball 1-0: Called Strike 1-1: Foul Ball, location: 2F 1-2: Ground out 5-3 (Groundball, 56S)
|
Top of the 9th over - 2 run(s), 2 hit(s), 0 error(s), 0 left on base; Detroit 3 - Blueville 3 |
BOTTOM OF THE 9TH |
Blueville 83's batting - Pitching for Detroit X-Wings : RHP León Gómez
|
Pitching: LHP Carlos Berru
|
|
Now in RF: Javier Jiménez
|
|
Batting: RHB Fernando Díaz
|
0-0: Ball 1-0: Ball 2-0: Foul Ball, location: 2F 2-1: Called Strike 2-2: Strikes out swinging
|
Pinch Hitting: SHB Luis Muñóz
|
0-0: Ball 1-0: Ball 2-0: Ball 3-0: Called Strike 3-1: Called Strike 3-2: Foul Ball, location: 2F 3-2: Foul Ball, location: 2F 3-2: SINGLE (Groundball, 6MD)
|
Batting: RHB Bryce Hester
|
0-0: Ball 1-0: DOUBLE (Popup, 9LS) Luis Muñóz to third
|
Pinch Hitting: RHB Naomichi Aoki
|
0-0: Intentional Walk
|
Batting: RHB Dallas Blair
|
0-0: Ball 1-0: Called Strike 1-1: Ball 2-1: Ball 3-1: Base on Balls Luis Muñóz scores Bryce Hester to third Naomichi Aoki to second
|
|